 Dungeon Crawl Stone Soup version 0.17.1-1-g73c8601 (webtiles) character file.

2226 Mysteryquy the Thaumaturge (level 9, -4/45 HPs)
             Began as a Deep Elf Fire Elementalist on Jan 4, 2016.
             Was a Follower of Vehumet.
             Killed from afar by a deep elf mage (23 damage)
             ... with a fireball
             ... on level 7 of the Dungeon.
             The game lasted 00:21:12 (8722 turns).

Mysteryquy the Thaumaturge (DEFE)                   Turns: 8722, Time: 00:21:18

Health: -4/45      AC:  6    Str:  5    XL:     9   Next: 13%
Magic:  22/26      EV: 13    Int: 24    God:    Vehumet [*.....]
Gold:   402        SH:  0    Dex: 15    Spells: 4 memorised, 17 levels left

rFire  . . .     SeeInvis .     F - staff of earth
rCold  . . .     Clarity  .     a - +0 robe
rNeg   . . .     SustAt   .     (no shield)
rPois  .         Gourm    .     (no helmet)
rElec  .         Spirit   .     p - +1 cloak {+Inv}
rCorr  .         Warding  .     m - +0 pair of gloves
rMut   .         Stasis   .     M - +0 pair of boots
MR     .....                    (no amulet)
Stlth  +.........               (no ring)
                                (no ring)

@: liquid flames, glowing, not resistant to hostile enchantments, very
unstealthy
A: no striking features
a: Renounce Religion, Evoke Invisibility


You were on level 7 of the Dungeon.
You worshipped Vehumet.
Vehumet was aware of your devotion.
You were not hungry.

You visited 2 branches of the dungeon, and saw 9 of its levels.

You collected 402 gold pieces.

Inventory:

Hand Weapons
 f - a +1 short sword of draining
Armour
 a - a +0 robe (worn)
 m - a +0 pair of gloves (worn)
 p - a +1 cloak of invisibility (worn)
 M - a +0 pair of boots (worn)
Magical Staves
 F - an uncursed staff of earth (weapon)
Jewellery
 h - an uncursed ring of protection from cold {unknown}
 s - an uncursed amulet of regeneration {unknown}
 t - a cursed amulet of inaccuracy {unknown}
 x - a cursed ring of magical power {unknown}
 I - a cursed ring of magical power {unknown}
Wands
 w - a wand of frost (17)
 D - a wand of frost (27)
 N - a wand of confusion (19)
Scrolls
 d - 6 scrolls of teleportation {unknown}
 e - 3 scrolls of enchant weapon
 g - 3 scrolls of remove curse {unknown}
 i - 8 scrolls of identify {unknown}
 j - 2 scrolls of random uselessness {unknown}
 l - 4 scrolls of recharging {unknown}
 r - a scroll of brand weapon {unknown}
 y - a scroll of enchant armour {unknown}
 A - a scroll of magic mapping {unknown}
 B - a scroll of torment {unknown}
 C - a scroll of amnesia {unknown}
 E - 2 scrolls of immolation {unknown}
 H - 2 scrolls of noise {unknown}
 J - a scroll of silence {unknown}
 K - a scroll of blinking {unknown}
Potions
 o - 3 potions of haste {unknown}
 q - a potion of brilliance {unknown}
 u - 2 potions of heal wounds {unknown}
 v - 4 potions of curing {unknown}
 z - a potion of poison {unknown}
 L - 2 potions of flight {unknown}
 O - a potion of might {unknown}
Books
 b - a book of Flames

   Spells                             Type                      Level
   a - Flame Tongue                   Conjuration/Fire             1
   b - Throw Flame                    Conjuration/Fire             2
   c - Conjure Flame                  Conjuration/Fire             3
   d - Inner Flame                    Hexes/Fire                   3
   e - Sticky Flame                   Conjuration/Fire             4
   f - Fireball                       Conjuration/Fire             5
Comestibles
 c - 6 bread rations
 k - a beef jerky
 n - 4 meat rations
 G - a royal jelly


   Skills:
 - Level 2.4 Dodging
 - Level 2.4 Stealth
 * Level 11.3 Spellcasting
 + Level 6.6 Conjurations
 + Level 7.5 Fire Magic


You had 17 spell levels left.
You knew the following spells:

 Your Spells              Type           Power        Failure   Level  Hunger
a - Flame Tongue          Conj/Fire      #####        1%          1    None
b - Conjure Flame         Conj/Fire      #####...     1%          3    None
c - Sticky Flame          Conj/Fire      #####...     2%          4    None
d - Fireball              Conj/Fire      #####.....   10%         5    ####...


Dungeon Overview and Level Annotations

Branches:
Dungeon (8/15)             Temple (1/1) D:4
   Lair: D:8-11

Altars:
Ashenzari
Cheibriados
Dithmenos
Elyvilon
Fedhas
Gozag
Kikubaaqudgha
Makhleb
Nemelex Xobeh
Okawaru
Qazlal
Ru
Sif Muna
Trog
Vehumet
Xom
Yredelemnul
Zin
The Shining One

Annotations:
D:8 Joseph


Message History

Confirm with . or Enter, or press ? or * to list all spells.
Aiming: Flame Tongue
Press: ? - help, Shift-Dir - straight line, f/p - deep elf mage
Aim: a deep elf mage, wielding a long sword of slicing and wearing a dyed leather armour (moderately wounded)
The flame tongue hits the deep elf mage.
The deep elf mage is heavily wounded.
You are covered in liquid flames!
A deep elf mage is nearby!
Casting: Flame Tongue
Confirm with . or Enter, or press ? or * to list all spells.
Aiming: Flame Tongue
Press: ? - help, Shift-Dir - straight line, f/p - deep elf mage
Aim: a deep elf mage, wielding a long sword of slicing and wearing a dyed leather armour (heavily wounded)
The flame tongue hits the deep elf mage.
The deep elf mage is almost dead.
You are covered in liquid flames!
The deep elf mage casts a spell at you.
The fireball explodes!
The fireball engulfs you!
Ouch! That really hurt!
You die...

#............# #.#
#............# #.#
#............# ###.#
################.# #...#
#.(..##≈≈≈≈≈≈≈≈#.## ##...
#.<..+#≈≈≈..≈≈≈#..##########...
#.....#≈≈≈..≈≈≈#..##......##...
#.....'........'..##....<.'.#.#
#####.'.......@e..##......#.#.#
###≈≈≈..≈≈≈#..##......#.#.#
#≈≈≈..≈≈≈##.##..........#
#≈≈≈≈≈≈≈≈##.##......#####
###########.##......#
#.##......# #.##......#
#.###.##### #.# #.#


You could see a deep elf mage.

Vanquished Creatures
  An orc warrior (D:7)
  3 ogres
  4 phantoms
  2 centaurs (D:7)
  A sky beast (D:8)
  The ghost of Mysteryquy the Magician, an amateur DEFE (D:3)
  5 scorpions
  A killer bee (D:8)
  A giant frog zombie (D:7)
  A quasit (D:7)
  A centaur skeleton (D:7)
  A crimson imp (D:6)
  An orc priest (D:7)
  An iguana (D:5)
  2 giant frog skeletons
  Ijyb (D:3)
  3 jellies
  An orc wizard (D:4)
  3 hounds
  6 worker ants
  A hound zombie (D:6)
  A hound skeleton (D:8)
  12 adders
  3 gnolls (D:7)
  2 shadow imps (D:6)
  3 oozes
  An adder skeleton (D:4)
  A worm (D:4)
  5 giant geckos
  8 orcs
  16 bats
  5 giant cockroaches
  8 hobgoblins
  4 quokkas
  3 ball pythons
  4 giant newts
  12 goblins
  23 jackals
  9 kobolds
  A quokka zombie (D:6)
  11 rats
173 creatures vanquished.

Vanquished Creatures (others)
  A fungus (D:5)
1 creature vanquished.

Grand Total: 174 creatures vanquished

Notes
Turn   | Place    | Note
--------------------------------------------------------------
     0 | D:1      | Mysteryquy the Deep Elf Fire Elementalist began the quest for the Orb.
     0 | D:1      | Reached XP level 1. HP: 10/10 MP: 6/6
   257 | D:1      | Reached XP level 2. HP: 15/15 MP: 5/8
  1196 | D:2      | Reached XP level 3. HP: 19/19 MP: 7/10
  1197 | D:2      | Reached skill level 4 in Spellcasting
  1928 | D:3      | Learned a level 3 spell: Conjure Flame
  1931 | D:3      | Noticed Mysteryquy's ghost (amateur DEFE)
  1946 | D:3      | Killed Mysteryquy's ghost
  1946 | D:3      | Reached skill level 5 in Spellcasting
  1946 | D:3      | Reached XP level 4. HP: 24/24 MP: 0/13
  2155 | D:3      | Reached XP level 5. HP: 28/28 MP: 8/14
  2517 | D:3      | Noticed Ijyb
  2522 | D:3      | Killed Ijyb
  2914 | D:4      | Noticed a phantom
  2923 | D:4      | Killed a phantom
  2923 | D:4      | Reached skill level 6 in Spellcasting
  2923 | D:4      | Reached XP level 6. HP: 26/32 MP: 9/17
  2929 | D:4      | Learned a level 4 spell: Sticky Flame
  3047 | D:4      | Reached skill level 5 in Fire Magic
  3348 | D:4      | Found a staircase to the Ecumenical Temple.
  3360 | Temple   | Entered the Ecumenical Temple
  3458 | Temple   | Became a worshipper of Vehumet
  3621 | D:4      | Found a shattered altar of Ashenzari.
  3827 | D:4      | Reached skill level 7 in Spellcasting
  3913 | D:4      | Noticed an ogre
  3926 | D:4      | Killed an ogre
  3926 | D:4      | Reached XP level 7. HP: 36/36 MP: 12/19
  3994 | D:4      | Noticed an ogre
  4011 | D:4      | Killed an ogre
  4054 | D:5      | Entered Level 5 of the Dungeon
  4202 | D:5      | Reached skill level 8 in Spellcasting
  4835 | D:5      | Reached skill level 9 in Spellcasting
  4835 | D:5      | Reached skill level 5 in Conjurations
  4835 | D:5      | Reached XP level 8. HP: 41/41 MP: 16/23
  5970 | D:5      | Reached skill level 10 in Spellcasting
  6128 | D:5      | Learned a level 5 spell: Fireball
  6199 | D:6      | Reached * piety under Vehumet
  6199 | D:6      | Offered knowledge of Sting by Vehumet.
  6706 | D:6      | Found a snail-covered altar of Cheibriados.
  7811 | D:7      | Reached XP level 9. HP: 45/45 MP: 20/25
  7837 | D:7      | Noticed a two-headed ogre
  7960 | D:8      | Reached skill level 11 in Spellcasting
  8279 | D:8      | Noticed Joseph
  8722 | D:7      | Killed from afar by a deep elf mage

Action                   |  1- 3 |  4- 6 |  7- 9 || total
-------------------------+-------+-------+-------++-------
Melee: Short sword       |     1 |       |   138 ||   139
 Cast: Flame Tongue      |    83 |   131 |   232 ||   446
       Conjure Flame     |     1 |     2 |    11 ||    14
       Fireball          |       |       |     1 ||     1
  Use: Scroll            |       |       |     1 ||     1
  Eat: Chunk             |     2 |     7 |    10 ||    19
       Fruit             |       |       |     3 ||     3
       Meat ration       |       |       |     1 ||     1
